← All builds
Suicide front / Armada / Factory first / OBSERVED BUILD

Standard suicide front

The role's default: factory first (mostly Bot Lab), pushing Rocketeer-led bot play into the middle to contest and hold the front, with an Advanced Metal Extractor around 9:36 as the natural transition.

Usually lab first (63%)

#raid #push · 1289 distinct matches · 127 players · 71% of Armada Suicide front games · team won 59% of 1527 · Recently observed

HOW TO PLAY IT

Key timing: Bot Lab by 0:20

  1. Open with mex and wind, drop Bot Lab immediately.
  2. Push out first "Centurion" as Pond's boost lands.
  3. Send "Rocketeer", "Centurion", "Pawn" mix to contest middle.
  4. Add Dragon's Teeth and Sentries to hold the line.
  5. Get Advanced Metal Extractor up as T2 nears.

Phase by phase

TYPICAL OF ITS 1289 GAMES
  1. 1
  2. 2
  3. 3
PLAY THE OPENING

Follow the example game's first 6:00 step by step: what to build now, what comes next, and where it goes. At 1× it keeps pace with your own game.

  1. 1

    Bot Lab first

    Order
    1. Bot LabBot Lab done ~0:20, middle half 0:20–0:33

    Some games also: mex (36%)

  2. 2

    Bot Lab to 5:00

    Economy
    • Metal Extractor5Mex
    • Wind Turbine4Wind
    Builders
    • Construction Bot3 Con bot
    • Lazarus2 Lazarus
    Army
    • Sentry4 Sentry
    • Rocketeer17 Rocketeer
    • Tick2 Tick
    • Centurion1 Centurion
    Other
    • Radar Tower1 Radar Tower

    Some games also: con turret (35%) · pawn (32%)

    By 5:00 in all: 5 mex · 4 wind

    The example game in this phase · 41 steps
    1. Mex
    2. LazarusLazarus
    3. Wind ×2
    4. TickTick ×2
    5. Construction BotCon bot
    6. LazarusLazarus
    7. PawnPawn
    8. Mex
    9. PawnPawn ×2
    10. Construction BotCon bot ×2
    11. Mex
    12. CenturionCenturion
    13. RocketeerRocketeer ×2
    14. Mex
    15. RocketeerRocketeer ×3
    16. Mex
    17. RocketeerRocketeer ×3
    18. SentrySentry
    19. RocketeerRocketeer ×3
    20. SentrySentry
    21. RocketeerRocketeer
    22. SentrySentry
    23. TickTick
    24. RocketeerRocketeer
    25. SentrySentry
    26. RocketeerRocketeer ×3
    27. Construction BotCon bot
    28. SentrySentry
    29. Construction BotCon bot ×2
    30. Radar TowerRadar Tower
    31. RocketeerRocketeer
    32. SentrySentry
    33. RocketeerRocketeer
    34. Wind
    35. RocketeerRocketeer ×2
    36. Wind
    37. RocketeerRocketeer
    38. PawnPawn
    39. Wind
    40. PawnPawn
    41. SentrySentry
  3. 3

    5:00 to 10:00

    Economy
    • Metal Extractor1Mex
    • Wind Turbine17Wind
    Builders
    • Construction Turret2 Con turret
    • Lazarus2 Lazarus
    • Construction Bot1 Con bot
    Army
    • Sentry1 Sentry
    • Rocketeer8 Rocketeer
    • Pawn1 Pawn

    Some games also: tick (47%) · energy storage (46%) · Radar Tower (46%) · centurion (45%) · Beamer (39%)

    By 10:00 in all: 6 mex · 23 wind · 1 energy storage · 3 con turret

    The example game in this phase · 130 steps
    1. PawnPawn
    2. Wind
    3. TickTick
    4. RocketeerRocketeer ×2
    5. Wind
    6. RocketeerRocketeer ×2
    7. Wind
    8. RocketeerRocketeer
    9. PawnPawn
    10. Wind
    11. PawnPawn ×2
    12. Wind
    13. PawnPawn ×2
    14. Wind
    15. SentrySentry
    16. Wind
    17. Con turret
    18. PawnPawn ×2
    19. SentrySentry
    20. PawnPawn
    21. Sneaky PeteSneaky Pete
    22. PawnPawn
    23. Con turret
    24. SentrySentry
    25. PawnPawn
    26. Con turret
    27. PawnPawn ×3
    28. Energy storage
    29. PawnPawn ×4
    30. Wind
    31. PawnPawn ×6
    32. BeamerBeamer
    33. Wind
    34. PawnPawn
    35. Wind
    36. PawnPawn ×2
    37. Wind
    38. PawnPawn
    39. Advanced Metal ExtractorT2 mexdone 8:25 · typical 9:36
    40. Wind
    41. PawnPawn
    42. Wind ×5
    43. Advanced Metal ExtractorT2 mex
    44. Wind
    45. Advanced Metal ExtractorT2 mex
    46. Mex
    47. Wind
    48. Dragon's TeethDragon's Teeth
    49. Mexfor Front
    50. Dragon's TeethDragon's Teeth
    51. Wind
    52. Dragon's TeethDragon's Teeth ×3
    53. Wind
    54. Advanced solar
    55. Wind
    56. Advanced solar
    57. Advanced Metal ExtractorT2 mex
    58. Wind
    59. Advanced solar
    60. Wind ×4
    61. SentrySentry
    62. Wind ×2
    63. Advanced Bot LabAdvanced Bot Labdone 10:36
    64. Wind ×2
    65. Advanced Metal ExtractorT2 mex
    66. Wind
    67. GhostGhost ×2
    68. Wind
    69. Converter
    70. Wind
    71. Converter
    72. Wind ×2
    73. GhostGhost
    74. Wind
    75. WelderWelder
    76. Converter
    77. Wind
    78. WelderWelder
    79. Wind
    80. Advanced Construction BotT2 con bot
    81. Converter
    82. RattlesnakeRattlesnakenot finished by 15:00
    83. Converter
    84. Dragon's TeethDragon's Teeth
    85. Wind
    86. BeamerBeamer
    87. Dragon's TeethDragon's Teeth ×3
    88. WelderWelder
    89. Dragon's TeethDragon's Teeth
    90. Wind
    91. Dragon's TeethDragon's Teeth ×2
    92. Fusion ReactorFusiondone 13:19
    93. Wind
    94. Dragon's TeethDragon's Teeth ×3
    95. Con turret ×2
    96. Dragon's TeethDragon's Teeth
    97. Con turret
    98. Wind
    99. Con turret
    100. Wind
    101. VeilVeil
    102. BeamerBeamer
    103. Wind
    104. WelderWelder
    105. Dragon's TeethDragon's Teeth ×2
    106. WelderWelder
    107. Wind
    108. RattlesnakeRattlesnake
    109. Dragon's TeethDragon's Teeth
    110. WelderWelder
    111. Dragon's TeethDragon's Teeth
    112. Wind
    113. Dragon's TeethDragon's Teeth
    114. WelderWelder
    115. Wind
    116. WelderWelder ×2
    117. Dragon's TeethDragon's Teeth ×2
    118. WelderWelder
    119. Dragon's TeethDragon's Teeth ×2
    120. WelderWelder
    121. Mex
    122. WelderWelder
    123. ParalyzerParalyzernot finished by 15:00
    124. GhostGhost ×2
    125. Bot LabBot Labdone 14:48
    126. WelderWelder ×2
    127. TickTick
    128. PlatypusPlatypus
    129. Converter
    130. TickTick ×3

Counts are medians over the build's games: half of them build more, half fewer. The example game is Immort's (57 OS, 27/09/2026); pick another.

Team trades

IN AT LEAST 30% OF ITS GAMES

You hand over

Nothing regular.

You get

  • Tidal Generator4 Tidal from Pondfirst at 0:10 · in 69% of games
  • Advanced Construction Bot1 T2 con bot from Geo or Techfirst at 7:31 · in 59% of games

How it plays out

Typical game of this build, running totals by minute

Metal produced

010k20k30k
0:005:0010:0015:00

metal

Enemy metal destroyed

05k10k
0:005:0010:0015:00

metal

Own metal lost

05k10k
0:005:0010:0015:00

metal

1527 games.

Show as table
ByMetal produced: This buildEnemy metal destroyed: This buildOwn metal lost: This build
1:0022600
2:0088800
3:002050179106
4:003161658496
5:00424314121026
6:00543322971789
7:00667031752710
8:00792040293619
9:00931747894495
10:001069754225316
11:001226558996054
12:001411464906830
13:001623070097536
14:001811476808373
15:002046683169249
WHAT THE NUMBERS SAY

Standard suicide front play wins slightly more than half its games with fast kills but also fast losses, matching the raw grind of the role.

  • + First kill lands by 2:04 in all games
  • + Metal produced reaches 19882 by 15:00
  • − Own metal lost hits 9208 by 15:00, near metal destroyed of 8172
  • − First unit lost as early as 2:08 in every game
THE EXAMPLE YOU ARE READING

Immort

57.1 OS · 27/09/2026

Open source match ↗

52 received units · includes a constructor
429 metal received · 90326 energy received

Allied construction assistance is unknown. Timings are observations, not a promise of solo reproducibility.

Typical milestones

Bot Lab0:20Middle 50%: 0:20–0:33 · n=1520
Advanced Metal Extractor9:36Middle 50%: 8:41–10:48 · n=1126

Played most by

_X_253games of this buildPlatinumBlonde181games of this buildXad120games of this buildImmort73games of this buildwatermeloans58games of this build